Map: 紫晶浪漫-天梯版

Players

llllllllllll (Coffee)

  • Race: Terran Terran
  • League: Master

iGXY (XY) - Winner!

  • Race: Terran Terran

Event: DreamHack SC2 Masters 2021 Winter

VOD

Have the link to the VOD?

Description

Time

  • Played on: Oct. 9, 2021, 7:45 a.m.
  • Length: 13:09

All games in this series

Show
View Real Time Build Order
Export as new Build Order

llllllllllll Terran 

Build Orders:  

Get SALT Encoding   

  12  0:00  SCV  
  13  0:12  SCV  
  14  0:17  Supply Depot  
  14  0:41  Refinery  
  14  0:42  Barracks  
  14  0:54  Barracks  
  14  0:58  SCV  
  15  1:10  SCV, Refinery  
  16  1:29  Reaper  
  17  1:38  Orbital Command  
  16  1:59  Factory  
  16  2:04  SCV  
  17  2:12  Reaper  
  17  2:16  SCV  
  17  2:19  Reaper  
  18  2:28  SCV  
  19  2:31  Supply Depot  
  19  2:41  SCV  
  19  2:42  Factory Tech Lab  
  20  2:53  SCV  
  21  3:01  Cyclone  
  21  3:05  SCV  
  25  3:17  SCV  
  26  3:25  Command Center  
  26  3:35  Starport  
  26  3:36  SCV  
  27  3:47  Factory Tech Lab  
  28  3:48  SCV  
  28  3:52  Supply Depot  
  28  4:00  SCV  
  29  4:11  Raven  
  29  4:14  SCV  
  29  4:15  Supply Depot  
  32  4:20  Cyclone  
  35  4:26  SCV  
  33  4:38  SCV  
  33  4:52  SCV  
  33  4:53  Orbital Command  
  33  5:04  SCV  
  34  5:16  SCV  
  34  5:18  SCV  
  35  5:23  Raven  
  37  5:28  SCV  
  37  5:29  Refinery  
  37  5:31  SCV  
  39  5:41  SCV  
  40  5:43  SCV  
  40  5:45  Siege Tank, Command Center  
  44  5:53  SCV  
  44  5:55  SCV  
  44  5:56  Barracks Reactor, Refinery  
  46  5:58  Supply Depot  
  46  6:05  SCV  
  46  6:07  SCV  
  46  6:10  Barracks  
  48  6:11  Barracks  
  48  6:17  SCV  
  49  6:19  SCV  
  49  6:21  Raven  
  52  6:29  SCV  
  52  6:31  SCV  
  46  6:40  Marine x2  
  46  6:41  SCV  
  46  6:43  SCV  
  42  6:55  SCV x2  
  42  6:59  Orbital Command  
  42  7:01  Siege Tank  
  46  7:06  Barracks Reactor x2  
  46  7:07  SCV x2  
  46  7:14  Viking x2  
  50  7:19  SCV x2  
  50  7:22  Marine  
  53  7:29  SCV  
  54  7:31  SCV  
  54  7:33  Orbital Command  
  54  7:34  SCV  
  54  7:35  Stimpack  
  56  7:39  Siege Tank  
  56  7:40  Marine  
  60  7:46  Marine x4  
  60  7:47  SCV x2  
  66  7:59  SCV x2, Viking x2  
  66  8:02  SCV  
  73  8:10  Engineering Bay x2  
  73  8:11  SCV x2  
  75  8:14  SCV, Marine  
  75  8:15  Marine  
  75  8:17  Marine x2  
  80  8:23  SCV x2  
  80  8:24  Supply Depot  
  80  8:26  SCV  
  83  8:35  SCV x2  
  83  8:36  Terran Infantry Weapons Level 1, Terran Infantry Armor Level 1  
  83  8:38  Supply Depot  
  85  8:45  SCV, Siege Tank  
  85  8:46  Viking x2  
  93  8:59  SCV x3, Marine x5  
  101  9:04  Supply Depot x2  
  101  9:16  Command Center  
  101  9:21  Supply Depot  
  101  9:25  SCV x3, Siege Tank  
  101  9:26  Supply Depot  
  101  9:27  Viking x2  
  101  9:28  Combat Shield  
  111  9:37  SCV x2  
  113  9:38  Marine x2  
  113  9:39  Marine  
  113  9:43  SCV  
  113  9:44  Marine  
  115  9:48  Refinery  
  115  9:49  SCV, Refinery  
  116  9:53  Barracks  
  116  9:54  Barracks  
  116  9:56  SCV x2  
  116  9:58  Siege Tank  
  121  10:09  Marine x3  
  121  10:10  Marauder  
  121  10:12  Viking x2  
  130  10:21  SCV x2  
  130  10:22  Starport  
  130  10:24  Starport  
  132  10:31  SCV  
  132  10:32  Armory  
  132  10:33  SCV x2, Marine x4  
  132  10:34  Siege Tank  
  138  10:52  Marine x2  
  138  10:53  Marauder  
  138  10:55  Viking x2  
  125  11:08  Marine x2  
  125  11:09  Siege Tank, Starport Tech Lab x2  
  125  11:10  SCV x2  
  121  11:11  Planetary Fortress  
  121  11:13  Starport Reactor  
  121  11:14  Marauder, Starport Reactor  
  121  11:15  Marine  
  121  11:16  Barracks Tech Lab x2, Marine  
  125  11:19  SCV  
  125  11:22  SCV  
  125  11:25  Armory  
  127  11:26  Refinery, Marine x2  
  127  11:27  Refinery  
  127  11:31  Command Center  
  129  11:33  Viking x2  
  135  11:40  Marauder x3  
  135  11:43  SCV x2  
  135  11:45  Marine x4  
  146  11:47  SCV  
  146  11:51  Viking  
  148  11:54  Supply Depot  
  148  11:56  Supply Depot  
  148  12:11  Fusion Core  
  148  12:15  Liberator x2  
  148  12:18  Siege Tank  
  158  12:24  Supply Depot x2, Viking  
  158  12:25  Viking  
  163  12:32  Factory  
  163  12:34  SCV  
  164  12:41  Supply Depot x2  
  164  12:42  Supply Depot, SCV x2  
  168  12:55  Unknown  
Show
View Real Time Build Order
Export as new Build Order

iGXY Terran - Winner!

Build Orders: Liberator Opening, Mech 

Get SALT Encoding   

  12  0:00  SCV  
  13  0:12  SCV  
  14  0:17  Supply Depot  
  14  0:24  SCV  
  15  0:38  SCV  
  15  0:40  Barracks  
  16  0:45  Refinery  
  16  0:50  SCV  
  17  1:03  SCV  
  18  1:15  SCV  
  19  1:29  Reaper  
  20  1:35  Orbital Command  
  20  1:41  Supply Depot  
  20  1:55  Bunker  
  20  2:01  SCV, Marine  
  20  2:05  Factory  
  22  2:13  SCV  
  23  2:19  Refinery, Marine  
  24  2:27  SCV  
  25  2:37  Marine  
  25  2:39  SCV  
  27  2:49  Starport  
  27  2:50  Hellion  
  30  2:51  SCV  
  30  2:55  Supply Depot, Barracks Tech Lab  
  30  3:03  SCV  
  31  3:12  Command Center  
  31  3:17  SCV  
  32  3:27  Liberator  
  32  3:29  SCV  
  38  3:36  Cyclone  
  38  3:40  Supply Depot  
  39  3:47  Barracks Reactor  
  39  3:51  Supply Depot  
  39  4:01  SCV  
  40  4:08  Cyclone  
  43  4:14  SCV  
  44  4:26  SCV  
  44  4:30  Command Center, Starport Tech Lab  
  42  4:38  SCV  
  41  4:50  SCV  
  41  4:51  Orbital Command  
  42  4:53  Raven  
  43  5:02  SCV  
  44  5:08  Refinery  
  44  5:10  Refinery  
  44  5:11  Marine x2  
  44  5:12  Cyclone  
  49  5:14  SCV  
  49  5:17  SCV  
  51  5:26  SCV  
  52  5:30  SCV  
  52  5:38  SCV, Raven  
  52  5:42  SCV  
  56  5:50  SCV  
  56  5:54  SCV  
  56  5:55  Starport  
  58  6:02  SCV  
  59  6:06  SCV  
  59  6:07  Refinery  
  59  6:08  Command Center  
  60  6:11  Refinery  
  60  6:15  SCV  
  60  6:16  Orbital Command  
  60  6:18  SCV  
  62  6:21  Raven  
  64  6:27  SCV  
  64  6:30  SCV  
  65  6:39  SCV  
  59  6:40  Viking x2  
  59  6:46  SCV  
  61  6:50  Siege Tank  
  61  6:51  SCV  
  61  6:53  SCV  
  62  6:58  SCV  
  59  7:02  Factory, Barracks Reactor  
  59  7:03  SCV  
  59  7:05  Factory, SCV  
  63  7:10  SCV  
  63  7:15  SCV  
  65  7:16  Engineering Bay  
  65  7:18  SCV  
  65  7:22  Siege Tank  
  69  7:23  SCV  
  69  7:24  Viking  
  69  7:27  SCV, Viking  
  73  7:31  SCV  
  73  7:35  SCV  
  75  7:40  SCV  
  75  7:41  Armory x2  
  75  7:43  SCV  
  77  7:52  SCV  
  77  7:54  Siege Tank, Viking  
  77  7:56  Planetary Fortress  
  77  7:57  Viking  
  77  7:58  SCV  
  86  7:59  Factory Tech Lab  
  86  8:03  Hellion x2  
  86  8:04  SCV x2  
  92  8:10  Supply Depot  
  92  8:13  SCV  
  92  8:16  SCV  
  92  8:19  SCV  
  94  8:20  Siege Tank  
  94  8:24  Hellion  
  94  8:25  SCV  
  100  8:28  Supply Depot  
  100  8:29  Hellion, SCV, Siege Tank  
  100  8:30  Supply Depot  
  100  8:31  SCV  
  100  8:33  Viking x2  
  111  8:37  SCV  
  112  8:41  SCV, Terran Vehicle Weapons Level 1  
  112  8:42  Terran Vehicle And Ship Armor Level 1  
  112  8:48  SCV  
  114  8:49  SCV, Sensor Tower  
  114  8:50  Missile Turret  
  114  8:53  SCV  
  116  8:56  Missile Turret  
  116  8:57  Refinery  
  116  8:59  Siege Tank  
  116  9:00  Hellion x2  
  116  9:01  SCV, Refinery  
  124  9:07  SCV  
  124  9:08  SCV  
  124  9:09  Factory x2  
  126  9:15  Viking  
  128  9:18  SCV  
  128  9:23  Sensor Tower  
  128  9:24  Siege Tank  
  132  9:25  Supply Depot  
  132  9:32  SCV x2, Viking  
  132  9:37  SCV  
  132  9:38  Missile Turret  
  136  9:42  Infernal Pre-Igniter, Command Center  
  136  9:43  Smart Servos  
  136  9:52  Factory Tech Lab  
  136  9:53  Factory Reactor  
  136  9:58  Viking  
  138  10:00  Siege Tank x2  
  138  10:02  Supply Depot  
  144  10:08  Missile Turret, SCV  
  144  10:11  Missile Turret  
  144  10:12  Hellion  
  147  10:16  Supply Depot, Starport Tech Lab  
  147  10:20  SCV  
  148  10:23  Viking  
  148  10:24  Siege Tank  
  155  10:30  Command Center  
  155  10:31  Missile Turret  
  155  10:34  Viking  
  155  10:37  Siege Tank, Raven  
  160  10:47  Siege Tank  
  160  10:48  Hellion x2  
  160  10:49  Hellion  
  161  10:56  Siege Tank  
  158  11:03  Hellion  
  148  11:09  Hellion  
  148  11:10  Hellion x2, Siege Tank  
  148  11:11  SCV  
  158  11:14  Orbital Command  
  158  11:17  Missile Turret  
  158  11:18  Missile Turret x2  
  158  11:19  Siege Tank  
  158  11:20  Raven  
  158  11:22  Missile Turret  
  158  11:23  Command Center  
  163  11:29  Viking  
  163  11:30  Command Center  
  165  11:39  Viking  
  167  11:42  Hellion x2  
  171  11:48  SCV  
  171  11:49  SCV x2  
  171  11:50  Siege Tank  
  177  11:56  Siege Tank x2  
  177  11:58  Supply Depot  
  183  12:03  Viking  
  183  12:04  Raven  
  187  12:13  Viking  
  187  12:14  Sensor Tower  
  189  12:19  Planetary Fortress  
  189  12:25  Refinery  
  189  12:26  Refinery  
  189  12:28  Missile Turret  
  189  12:32  Siege Tank x2  
  195  12:46  Sensor Tower, Command Center  
  191  13:00  Command Center  

Tags
 
Add a new tag
Caveats
  • Supply blocks, unpowered buildings, or Contaminate may cause inaccurate times.
  • Supply counts are checked every 10 seconds.